 Dungeon Crawl Stone Soup version 0.22-a0-362-g535178c (webtiles) character file.

1180 Amnesiac the Ducker (level 8, -14/60 HPs)
             Began as a Mummy Wizard on Apr 20, 2018.
             Was a Follower of Sif Muna.
             Demolished by a two-headed ogre
             ... wielding a +0 giant club
              (28 damage)
             ... on level 6 of the Dungeon.
             The game lasted 00:12:29 (5779 turns).

Amnesiac the Ducker (Mummy Wizard)                  Turns: 5779, Time: 00:12:30

Health: -14/60     AC:  5    Str: 10    XL:     8   Next: 18%
Magic:  10/15      EV: 14    Int: 20    God:    Sif Muna [*.....]
Gold:   215        SH:  0    Dex: 10    Spells: 0/16 levels left

rFire    x . .     SeeInvis +   a - +0 hunting sling
rCold    + . .     Gourm    .   (no shield)
rNeg     + + +     Faith    .   d - +0 robe
rPois    ∞         Spirit   .   g - +0 helmet
rElec    .         Reflect  .   j - +1 cloak {MR+}
rCorr    .         Harm     .   (no gloves)
MR       ++...                  (no boots)
Stlth    ++........             q - amulet of magic regeneration
HPRegen  0.20/turn              t - ring of see invisible
MPRegen  0.39/turn              (no ring)

@: very slightly contaminated, divine energy
A: no food or potions, fire vulnerability, cold resistance 1, negative energy
resistance 3, torment resistance, unbreathing
a: Stop Divine Energy, Renounce Religion


You were on level 6 of the Dungeon.
You worshipped Sif Muna.
Sif Muna was aware of your devotion.
You were not hungry.

You visited 1 branch of the dungeon, and saw 6 of its levels.

You collected 215 gold pieces.

Inventory:

Hand Weapons
 a - a +0 hunting sling (weapon)
 b - a +4 arbalest
 m - a +0 short sword of draining
Missiles
 h - 2 bolts
 i - 177 stones
 p - 31 sling bullets (quivered)
Armour
 d - a +0 robe (worn)
 g - a +0 helmet (worn)
 j - a +1 cloak of magic resistance (worn)
 k - a +2 plate armour of cold resistance
 v - a +3 ring mail
Jewellery
 q - an amulet of magic regeneration (around neck)
 r - an uncursed amulet of the acrobat
 t - a ring of see invisible (left hand)
 w - the amulet "Gajaczup" {Inacc Str+6}
   (You found it on level 5 of the Dungeon)

   [amulet of inaccuracy]

   It reduces the accuracy of all your attacks.
   It affects your strength (+6).
Wands
 n - a wand of clouds (4)
Scrolls
 c - a scroll of remove curse {!r}
 e - a scroll of fear {!r, unknown}
 f - 2 scrolls of teleportation {!r}
 l - 6 scrolls of amnesia {!r, unknown}
 o - a scroll of silence {!r}
 s - a scroll of enchant armour {!r, unknown}
 u - a scroll of identify {!r}


   Skills:
 - Level 3.9 Fighting
 - Level 5.2 Dodging
 - Level 1.6 Stealth
 + Level 4.8 Spellcasting
 - Level 1.0 Conjurations
 - Level 0.7 Summonings
   Level 0.7 Translocations
 * Level 4.8 Earth Magic


You couldn't memorise any spells.
You knew the following spells:

 Your Spells              Type           Power        Failure   Level  Hunger
a - Magic Dart            Conj           #...         8%          1    N/A
b - Passwall              Tmut/Erth      ##........   7%          2    N/A
c - Call Imp              Summ           #.......     13%         2    N/A
d - Lee's Rapid Deconstr  Erth           ###.......   41%         5    N/A
e - Mephitic Cloud        Conj/Pois/Air  #.......     30%         3    N/A
s - Conjure Flame         Conj/Fire      #.......     28%         3    N/A

Dungeon Overview and Level Annotations

Branches:
Dungeon (6/15)
 Temple: D:4-7

Altars:
Dithmenos
Sif Muna
Yredelemnul
Zin


Innate Abilities, Weirdness & Mutations

You do not eat or drink.
Your flesh is vulnerable to fire.
You are immune to poison.
Your flesh is cold resistant. (rC+)
You are immune to negative energy. (rN+++)
You are immune to unholy pain and torment.
You can survive without breathing.


Message History

Aiming: Mephitic Cloud (safe; 30% risk of failure)
Press: ? - help, Shift-Dir - straight line, f/p - two-headed ogre
Aim: a two-headed ogre, wielding two giant clubs (heavily wounded)
The ball explodes into a vile cloud!
The stinking cloud engulfs the two-headed ogre.
The two-headed ogre is heavily wounded.
The two-headed ogre is engulfed in noxious fumes.
The two-headed ogre appears confused.
Firing (i - inventory. (/) - cycle)
p - 37 sling bullets (quivered)
Press: ? - help, Shift-Dir - straight line, f/p - two-headed ogre
Aim: a two-headed ogre, wielding two giant clubs (heavily wounded, confused)
You shoot a sling bullet.
The sling bullet hits the two-headed ogre but does no damage.
The two-headed ogre is heavily wounded.
The two-headed ogre is engulfed in noxious fumes.
Firing (i - inventory. (/) - cycle)
p - 36 sling bullets (quivered)
Press: ? - help, Shift-Dir - straight line, f/p - two-headed ogre
Aim: a two-headed ogre, wielding two giant clubs (heavily wounded, confused)
You shoot a sling bullet.
The sling bullet hits the two-headed ogre.
The two-headed ogre is heavily wounded.
Firing (i - inventory. (/) - cycle)
p - 35 sling bullets (quivered)
Press: ? - help, Shift-Dir - straight line, f/p - two-headed ogre
Aim: a two-headed ogre, wielding two giant clubs (heavily wounded, confused)
You shoot a sling bullet.
The sling bullet hits the two-headed ogre!
The two-headed ogre is severely wounded.
Firing (i - inventory. (/) - cycle)
p - 34 sling bullets (quivered)
Press: ? - help, Shift-Dir - straight line, f/p - two-headed ogre
Aim: a two-headed ogre, wielding two giant clubs (severely wounded, confused)
You shoot a sling bullet.
The sling bullet hits the two-headed ogre.
The two-headed ogre is severely wounded.
Firing (i - inventory. (/) - cycle)
p - 33 sling bullets (quivered)
Press: ? - help, Shift-Dir - straight line, f/p - two-headed ogre
Aim: a two-headed ogre, wielding two giant clubs (severely wounded, confused)
You shoot a sling bullet.
The sling bullet hits the two-headed ogre.
The two-headed ogre is severely wounded.
The two-headed ogre seems less confused.
Firing (i - inventory. (/) - cycle)
p - 32 sling bullets (quivered)
Press: ? - help, Shift-Dir - straight line, f/p - two-headed ogre
Aim: a two-headed ogre, wielding two giant clubs (severely wounded)
You shoot a sling bullet.
The sling bullet hits the two-headed ogre.
The two-headed ogre is severely wounded.
The two-headed ogre hits you with a giant club!! x2
* * * LOW HITPOINT WARNING * * *
You are too injured to fight recklessly!
Casting: Mephitic Cloud (safe; 30% risk of failure)
Confirm with . or Enter, or press ? or * to list all spells.
You don't know that spell.
Casting: Mephitic Cloud (safe; 30% risk of failure)
Confirm with . or Enter, or press ? or * to list all spells.
Aiming: Mephitic Cloud (safe; 30% risk of failure)
Press: ? - help, Shift-Dir - straight line, f/p - two-headed ogre
Aim: a two-headed ogre, wielding two giant clubs (severely wounded)
The ball explodes into a vile cloud!
The stinking cloud engulfs the two-headed ogre.
The two-headed ogre is severely wounded.
The stinking cloud engulfs you!
The two-headed ogre is engulfed in noxious fumes.
The two-headed ogre hits you with a giant club!!
You die...

######
......#############
.$....#.....#..§@§##
...............§O§.##
................§...#
....((...(..(..(....#
.........(((..((....#
...?>....(..(...(...#
........(...(.......#
#.###.......!.......#
. #...............##


You could see a two-headed ogre.

Vanquished Creatures
  A human (D:2)
  2 ice beasts
  2 ogres
  2 centaurs (D:5)
  2 howler monkeys
  A crimson imp (D:6)
  The ghost of p0werm0de the Firebug, a weakling OpFE of Qazlal (D:3)
  A hound (D:4)
  An iguana (D:4)
  Terence (D:3)
  3 worker ants
  A hound zombie (D:3)
  A hound skeleton (D:4)
  5 adders
  4 gnolls (D:3)
  An ooze (D:5)
  2 adder skeletons (D:3)
  2 worms
  2 leopard geckos
  7 orcs
  4 giant cockroaches
  5 goblins
  15 hobgoblins
  7 jackals
  2 quokkas
  6 bats
  9 frilled lizards
  A giant cockroach zombie (D:3)
  A jackal skeleton (D:4)
  8 kobolds
  A kobold skeleton (D:2)
  4 rats
105 creatures vanquished.

Vanquished Creatures (collateral kills)
  An orc wizard (D:4)
  Ijyb (D:4)
  An adder (D:2)
  2 orcs (D:4)
  A goblin (D:2)
  2 jackals (D:2)
  A rat (D:2)
9 creatures vanquished.

Vanquished Creatures (others)
  A bat (D:3)
1 creature vanquished.

Grand Total: 115 creatures vanquished

Notes
Turn   | Place    | Note
-------+----------+-------------------------------------------
     0 | D:1      | Amnesiac the Mummy Wizard began the quest for the Orb.
     0 | D:1      | Reached XP level 1. HP: 13/13 MP: 5/5
   234 | D:1      | Reached skill level 2 in Dodging
   267 | D:1      | Reached XP level 2. HP: 20/20 MP: 4/7
   279 | D:1      | Learned a level 2 spell: Call Imp
   297 | D:2      | Found a runed door.
   297 | D:2      | Noticed a human
   334 | D:2      | Found a basalt altar of Yredelemnul.
   370 | D:2      | Reached skill level 1 in Fighting
   931 | D:2      | Reached XP level 3. HP: 6/26 MP: 0/8
   936 | D:2      | Learned a level 3 spell: Conjure Flame
   940 | D:2      | Learned a level 3 spell: Mephitic Cloud
  1201 | D:2      | Found a faded altar of an unknown god.
  1256 | D:2      | Reached skill level 1 in Conjurations
  1410 | D:4      | Noticed Ijyb
  1413 | D:4      | Paralysed by Ijyb for 2 turns
  1431 | D:4      | Paralysed by Ijyb for 6 turns
  1445 | D:4      | Killed Ijyb
  1512 | D:4      | Noticed a phantom
  1544 | D:4      | Reached skill level 3 in Dodging
  1612 | D:4      | Reached XP level 4. HP: 22/33 MP: 1/10
  1782 | D:5      | Entered Level 5 of the Dungeon
  1930 | D:4      | Reached XP level 5. HP: 26/39 MP: 9/11
  2011 | D:4      | Noticed an ogre
  2014 | D:4      | Killed an ogre
  2014 | D:4      | Reached skill level 4 in Dodging
  2238 | D:4      | Reached XP level 6. HP: 47/47 MP: 12/12
  2285 | D:3      | Found a glowing silver altar of Zin.
  2285 | D:3      | Found a basalt altar of Yredelemnul.
  2650 | D:5      | Noticed an ice beast
  2656 | D:5      | Killed an ice beast
  2656 | D:5      | Reached skill level 5 in Dodging
  2724 | D:5      | Found a shadowy altar of Dithmenos.
  2726 | D:5      | Found a deep blue altar of Sif Muna.
  2736 | D:5      | Became a worshipper of Sif Muna the Loreminder
  2742 | D:5      | Learned a level 2 spell: Passwall
  2742 | D:5      | Reached XP level 7. HP: 48/53 MP: 9/13
  3318 | D:1      | Reached skill level 1 in Earth Magic
  4119 | D:2      | Killed a human
  4273 | D:3      | Reached * piety under Sif Muna
  4516 | D:3      | Noticed p0werm0de's ghost (weakling OpFE)
  4634 | D:3      | Killed p0werm0de's ghost
  4824 | D:3      | Noticed Terence
  4828 | D:3      | Killed Terence
  5195 | D:5      | Got a scorched brass amulet
  5252 | D:5      | Identified the amulet "Gajaczup" {Inacc Str+6} (You found it on level 5 of the Dungeon)
  5574 | D:5      | Reached XP level 8. HP: 45/60 MP: 11/14
  5627 | D:6      | Learned a level 5 spell: Lee's Rapid Deconstruction
  5677 | D:6      | Noticed a two-headed ogre
  5779 | D:6      | Demolished by a two-headed ogre

Vault maps used:
D:1:      dpeg_arrival_tiny_f
D:2:      chequers_ecumenical_altar_simple_redux, first_ration,
          dk_yredelemnul_ordeal
D:3:      gammafunk_temple_overflow_statue, serial_undead, serial_undead_a,
          serial_undead_d, serial_undead_b, serial_undead_c, serial_undead_c,
          serial_undead_e, serial_undead_c, minmay_quantized, uniq_terence
D:4:      minmay_misc_feat_five, uniq_ijyb
D:5:      chequers_temple_overflow_statue_of_worship
D:6:      minmay_temple_entry_grid

Skill      XL: |  1  2  3  4  5  6  7 |
---------------+----------------------+-----
Dodging        | 2 3 4 5 |  5.2
Fighting       | 1 2 3 |  3.9
Conjurations   | 1 |  1.0
Earth Magic    | 4 |  4.8
Stealth        | |  1.6
Spellcasting   | |  4.8
Summonings     | |  0.7
Translocations | |  0.7

Action                   |  1- 3 |  4- 6 |  7- 9 || total
-------------------------+-------+-------+-------++-------
Melee: Dagger            |    31 |       |       ||    31
 Fire: Arbalest          |       |    60 |   101 ||   161
       Hunting sling     |       |       |    76 ||    76
Throw: Stone             |       |       |     5 ||     5
 Cast: Magic Dart        |    59 |       |     6 ||    65
       Call Imp          |    16 |     1 |       ||    17
       Mephitic Cloud    |       |     1 |     6 ||     7
Invok: Divine Energy     |       |       |     1 ||     1
  Use: Scroll            |     3 |     5 |     1 ||     9
Armor: Robe              |    13 |     7 |    28 ||    48
       Plate armour      |       |     6 |       ||     6
Dodge: Dodged            |    55 |    23 |   100 ||   178

Table legend:
 A = Spawn XP
 B = Non-spawn XP
 C = Spawn XP percentage of total XP
 D = Spawn monster count
 E = Non-spawn monster count
 F = Spawn count percentage of total count
 G = Total turns spent on level
                    A         B        C        D         E        F      G
               +---------+---------+-------+---------+---------+-------+---------
         Total |       0 |    1686 |   0.0 |       0 |     114 |   0.0 |  5779
               +---------+---------+-------+---------+---------+-------+---------
           D:1 |       0 |      35 |   0.0 |       0 |      22 |   0.0 |   854
           D:2 |       0 |     250 |   0.0 |       0 |      25 |   0.0 |  1816
           D:3 |       0 |     221 |   0.0 |       0 |      33 |   0.0 |  1034
           D:4 |       0 |     370 |   0.0 |       0 |      21 |   0.0 |  1149
           D:5 |       0 |     624 |   0.0 |       0 |      11 |   0.0 |   832
           D:6 |       0 |     186 |   0.0 |       0 |       2 |   0.0 |    94
               +---------+---------+-------+---------+---------+-------+---------
